 Dungeon Crawl Stone Soup version 0.24-a0-581-gc0fa6600bf (webtiles) character file.

Game seed: 2438068891433411195

784 Peloso the Shield-Bearer (level 7, -2/61 HPs)
             Began as a Minotaur Fighter on Aug 24, 2019.
             Killed by nerve-wracking pain
             ... invoked by an orc priest
              (12 damage)
             ... on level 5 of the Dungeon.
             The game lasted 00:09:09 (3329 turns).

Peloso the Shield-Bearer (Minotaur Fighter)         Turns: 3329, Time: 00:09:10

Health: -2/61      AC: 12    Str: 22    XL:     7   Next: 55%
Magic:  6/6        EV:  7    Int:  5    God:
Gold:   248        SH: 10    Dex: 10    Spells: 6/6 levels left

rFire    + . .     SeeInvis .   a - +1 long sword
rCold    . . .     Gourm    .   c - +0 shield
rNeg     . . .     Faith    .   i - +0 chain mail
rPois    .         Spirit   .   (helmet restricted)
rElec    .         Reflect  .   (no cloak)
rCorr    .         Harm     .   m - +0 pair of gloves
MR       .....                  j - +0 pair of boots
Stlth    ..........             (no amulet)
HPRegen  0.20/turn              s - ring of protection from fire
MPRegen  0.10/turn              q - ring of stealth

@: no status effects
A: retaliatory headbutt, horns 2
a: no special abilities


You were on level 5 of the Dungeon.
You were hungry.

You visited 1 branch of the dungeon, and saw 5 of its levels.

You collected 248 gold pieces.

Inventory:

Hand Weapons
 a - a +1 long sword (weapon)
 y - a +1 whip of flaming
Armour
 b - a +0 scale mail
 c - a +0 shield (worn)
 i - a +0 chain mail (worn)
 j - a +0 pair of boots (worn)
 m - a +0 pair of gloves (worn)
Jewellery
 o - an uncursed ring of fire
 p - a +4 ring of slaying
 q - a ring of stealth (right hand)
 s - a ring of protection from fire (left hand)
Wands
 e - a wand of polymorph (6)
Scrolls
 g - 3 scrolls of fog {unknown}
 h - 5 scrolls of teleportation
 k - a scroll of blinking
 l - 4 scrolls of identify
 n - a scroll of magic mapping
 u - 2 scrolls of remove curse
 v - a scroll of amnesia {unknown}
 x - 2 scrolls of fear {unknown}
Potions
 d - a potion of might
 r - a potion of cancellation {unknown}
 t - 2 potions of heal wounds
 w - a potion of curing {unknown}
Comestibles
 f - 10 rations


   Skills:
 + Level 5.0 Fighting
 + Level 5.0 Long Blades
   Level 3.5 Axes
 + Level 6.0 Armour
 + Level 1.6 Dodging
 + Level 6.2 Shields
 + Level 0.4 Unarmed Combat


You had 6 spell levels left.
You didn't know any spells.
Your spell library was empty.

Dungeon Overview and Level Annotations

Branches:
Dungeon (5/15)
 Temple: D:4-7

Altars:
Gozag
Okawaru
Qazlal
Sif Muna
Uskayaw
Vehumet
Wu Jian
Yredelemnul


Innate Abilities, Weirdness & Mutations

You reflexively headbutt those who attack you in melee.
You have a pair of horns on your head.


Message History

The orc wizard flickers and vanishes!
Deactivating autopickup; reactivate with Ctrl-A.
A worker ant comes into view.
Found 10 gold pieces.
You block the orc's attack.
You slash the orc priest!
The orc priest is severely wounded.
You block the orc's attack.
The orc priest invokes the aid of Beogh against you.
Pain shoots through your body!
You closely miss the orc. You block the orc's attack.
The orc priest invokes the aid of Beogh against you.
Beogh smites you!
* * * LOW HITPOINT WARNING * * *
Unknown command.
Your shield and chain mail prevent you from hitting the orc priest.
The orc priest is severely wounded.
The orc priest mumbles some strange prayers to Beogh against you.
Pain shoots through your body!
You die...

#........#.#..)##
##....)......#)†#
##...##.#.#..).<
###......######
####.##..##
##....###.#
###..##......#
####...###..._..#
#....@## #...8_$#
#..$o{# ##.._..#
#...ao# .....#
#.....# ##...#
#.....# #.##
#.....# #....$#
#.....#


You could see a worker ant, an orc priest and an orc.

Vanquished Creatures
  An ice beast (D:5)
  A crimson imp (D:5)
  A howler monkey (D:3)
  3 hounds
  5 orc wizards
  Ijyb (D:4)
  An iguana (D:4)
  4 worker ants
  2 hound skeletons (D:4)
  Robin (D:4)
  4 adders
  A howler monkey skeleton (D:4)
  A gnoll (D:4)
  An ooze (D:1)
  An adder skeleton (D:4)
  3 worms
  2 dart slugs
  4 leopard geckos
  20 orcs
  7 bats
  3 giant cockroaches
  19 goblins
  13 hobgoblins
  3 quokkas
  2 ball pythons
  3 frilled lizards
  11 kobolds
  10 rats
  A spectral orc (D:2)
129 creatures vanquished.

Notes
Turn   | Place    | Note
-------+----------+-------------------------------------------
     0 | D:1      | Peloso the Minotaur Fighter began the quest for the Orb.
     0 | D:1      | Reached XP level 1. HP: 19/19 MP: 0/0
   151 | D:1      | Reached XP level 2. HP: 27/27 MP: 1/1
   635 | D:1      | Reached XP level 3. HP: 33/33 MP: 2/2
   838 | D:2      | Found a basalt altar of Yredelemnul.
   908 | D:2      | Reached XP level 4. HP: 41/41 MP: 3/3
  1257 | D:3      | Found an opulent altar of Gozag.
  1276 | D:3      | Reached skill level 1 in Axes
  1484 | D:3      | Reached XP level 5. HP: 47/47 MP: 4/4
  1888 | D:4      | Reached skill level 5 in Shields
  1913 | D:4      | HP: 2/47 [worker ant (5)]
  1943 | D:3      | HP: 2/47 [poisoned by a worker ant]
  2282 | D:4      | Reached XP level 6. HP: 53/53 MP: 5/5
  2325 | D:4      | Noticed Ijyb
  2342 | D:4      | Killed Ijyb
  2395 | D:4      | Noticed Robin
  2408 | D:4      | Killed Robin
  2460 | D:4      | Reached skill level 5 in Armour
  2483 | D:4      | Reached skill level 1 in Dodging
  2842 | D:4      | Reached XP level 7. HP: 36/60 MP: 6/6
  2969 | D:5      | Entered Level 5 of the Dungeon
  3016 | D:5      | Found an ornate altar of the Wu Jian Council.
  3096 | D:5      | Noticed a +0 dagger
  3097 | D:5      | Noticed a +0 hand axe
  3100 | D:5      | Found a hide-covered altar of Uskayaw.
  3132 | D:5      | Found a shimmering blue altar of Sif Muna.
  3265 | D:5      | Reached skill level 5 in Fighting
  3265 | D:5      | Reached skill level 5 in Long Blades
  3321 | D:5      | Found a stormy altar of Qazlal.
  3322 | D:5      | Found an iron altar of Okawaru.
  3322 | D:5      | Found a radiant altar of Vehumet.
  3329 | D:5      | Killed from afar by an orc priest

Levels and vault maps discovered:
D:1:      lemuel_arrival_river_ford, layout_loops_ring
D:2:      layout_basic, yredelemnul_forgotten_temple_becter
D:3:      layout_rooms, lemuel_round_altar, minmay_misc_feat_room,
          hangedman_abyss_or_decor_stabs, chequers_serial_rivers_room_a
D:4:      layout_loops_cross, chequers_serial_rivers_micro_d, minmay_pentangle,
          uniq_robin, uniq_ijyb
D:5:      layout_rooms, nicolae_overflow_crystal_walls, dancing_weapons_uskayaw,
          chequers_temple_overflow_statue_of_worship, portal_sewer_entry_b,
          first_ration, st_stairs_9, tgw_sif

Skill      XL: |  1  2  3  4  5  6  7 |
---------------+----------------------+-----
Fighting       | 4 5 |  5.0
Shields        | 4 5 6 |  6.2
Armour         | 4 5 6 |  6.0
Long Blades    | 3 4 5 |  5.0
Axes           | 1 3 |  3.5
Dodging        | 1 |  1.6
Unarmed Combat | |  0.4

Action                   |  1- 3 |  4- 6 |  7- 9 || total
-------------------------+-------+-------+-------++-------
Melee: Long sword        |    84 |   103 |    68 ||   255
       Headbutt          |    15 |    34 |     8 ||    57
       War axe           |       |   116 |       ||   116
       Unarmed           |       |     8 |       ||     8
  Use: Scroll            |       |     7 |       ||     7
       Potion            |       |     5 |       ||     5
  Eat: Chunk             |       |     6 |     2 ||     8
Armor: Scale mail        |    50 |    22 |       ||    72
       Chain mail        |       |   116 |    54 ||   170
Dodge: Dodged            |    34 |    66 |    21 ||   121
Block: Shield            |    49 |   155 |    40 ||   244
       Rpst.: Long sword |     9 |     6 |     5 ||    20

Table legend:
 A = Non-vault XP
 B = Vault XP
 C = Vault XP percentage of total XP
 D = Non-vault monster count
 E = Vault monster count
 F = Vault count percentage of total count
                 A         B        C        D         E       F
            +---------+---------+-------+---------+---------+-------
      Total |     980 |     140 |  12.5 |     111 |      18 |  14.0
            +---------+---------+-------+---------+---------+-------
        D:1 |      44 |       0 |   0.0 |      24 |       0 |   0.0
        D:2 |      69 |       1 |   1.4 |      22 |       1 |   4.3
        D:3 |      92 |       0 |   0.0 |      23 |       0 |   0.0
        D:4 |     441 |     139 |  24.0 |      31 |      17 |  35.4
        D:5 |     334 |       0 |   0.0 |      11 |       0 |   0.0
            +---------+---------+-------+---------+---------+-------
